 Dungeon Crawl Stone Soup version 0.18.1-50-g88ac8fd (webtiles) character file.

528 GammafunkIsRetarded the Shield-Bearer (level 7, -9/69 HPs)
             Began as a High Elf Ice Elementalist on June 9, 2018.
             Was a Priest of Cheibriados.
             Mangled by an ogre
             ... wielding a +0 giant club
              (12 damage)
             ... on level 5 of the Dungeon.
             The game lasted 00:12:25 (1336 turns).

GammafunkIsRetarded the Shield-Bearer (HEIE)        Turns: 1336, Time: 00:12:26

Health: -9/69      AC: 23    Str: 16    XL:     7   Next: 3%
Magic:  3/11       EV:  2    Int: 26    God:    Cheibriados [***...]
Gold:   82         SH:  0    Dex: 23    Spells: 2 memorised, 5 levels left

rFire  . . .     SeeInvis .       - Unarmed
rCold  . . .     Gourm    .     (armour currently unavailable)
rNeg   + + +     Faith    .     l - +0 buckler
rPois  +         Spirit   .     (helmet currently unavailable)
rElec  .         Dismiss  .     (cloak currently unavailable)
rCorr  .         Reflect  .     (gloves currently unavailable)
SustAt .         Harm     .     (boots currently unavailable)
MR     .....     NoTele   +     (no amulet)
Stlth  +.........               (no ring)
                                (no ring)

@: confused, tree-form, very slow, not resistant to hostile enchantments, very
unstealthy
A: no striking features
a: Bend Time, Temporal Distortion, Renounce Religion


You were on level 5 of the Dungeon.
You worshipped Cheibriados.
Cheibriados was most pleased with you.
You were not hungry.
You were a tree.
You visited 1 branch of the dungeon, and saw 5 of its levels.

You collected 82 gold pieces.

Inventory:

Hand Weapons
 e - a +0 dagger
Missiles
 h - a throwing net (quivered)
Armour
 a - a +0 robe (melded)
 d - a +0 cloak (melded)
 i - a +2 pair of gloves (melded)
 l - a +0 buckler (worn)
Scrolls
 m - a scroll of amnesia
Potions
 f - 3 potions of agility
Books
 b - a book of Frost

   Spells                             Type                      Level
   a - Freeze                         Ice                          1
   b - Throw Frost                    Conjuration/Ice              2
   c - Ozocubu's Armour               Charms/Ice                   3
   d - Throw Icicle                   Conjuration/Ice              4
   e - Summon Ice Beast               Ice/Summoning                4
Comestibles
 c - 5 bread rations
 g - 3 meat rations
 o - a beef jerky


   Skills:
 - Level 3.3 Fighting
 - Level 3.4 Dodging
 - Level 2.1 Stealth
 - Level 4.0 Shields
 - Level 1.9 Unarmed Combat
 - Level 2.4 Spellcasting
   Level 1.1 Conjurations
 + Level 1.0 Summonings
 - Level 3.0 Ice Magic
 - Level 2.1 Invocations


You had 5 spell levels left.
You knew the following spells:

 Your Spells              Type           Power        Failure   Level  Hunger
a - Freeze                Ice            ###.         2%          1    None
B - Summon Ice Beast      Ice/Summ       ##......     45%         4    ####...


Dungeon Overview and Level Annotations

Branches:
Dungeon (5/15)             Temple (0/1) D:5

Altars:
Cheibriados
Dithmenos
Kikubaaqudgha
Xom
Yredelemnul
Zin


Message History

Your magical contamination has completely faded away.
You swing at nothing.
You hear some strange, mumbled words.
A magic dart appears from out of thin air!
The magic dart hits you!
* * * LOW HITPOINT WARNING * * *
Unknown command.
Unknown command.
Unknown command.
Unknown command.
You swing at nothing.
The gnoll hits you from afar with a halberd!
* * * LOW HITPOINT WARNING * * *
Something hits you but does no damage.
Unknown command.
Unknown command.
Unknown command.
Unknown command.
You hit the ogre but do no damage. The ogre hits you with a giant club!
You die...

#######
.......################
.......#..............#
.......'..............#
.......#..............#
.......#..............#
......)#..............#
......O♣.)............#
......{#..............#
......g#)..###...##...#
.....>.#...###...##...#
.......#....#.....#...#
.......#....#.....#...#
.......#....# ..#...#
.......#...## #...#
#...########...#


You could see an ogre and a gnoll.

Vanquished Creatures
  A centaur (D:5)
  An ogre (D:5)
  A scorpion (D:5)
  A crimson imp (D:3)
  Ijyb (D:3)
  An iguana (D:5)
  An orc wizard (D:5)
  3 worker ants
  3 gnolls (D:5)
  An adder (D:4)
  2 oozes (D:4)
  2 adder skeletons (D:4)
  3 giant geckos
  17 orcs
  3 giant cockroaches
  3 goblins
  5 hobgoblins
  10 jackals
  A quokka (D:4)
  A ball python skeleton (D:4)
  3 bats (D:1)
  4 giant newts
  2 kobolds (D:2)
  A rat (D:2)
71 creatures vanquished.

Notes
Turn   | Place    | Note
--------------------------------------------------------------
     0 | D:1      | GammafunkIsRetarded the High Elf Ice Elementalist began the quest for the Orb.
     0 | D:1      | Reached XP level 1. HP: 11/11 MP: 4/4
    30 | D:1      | Reached skill level 1 in Fighting
    38 | D:1      | You fall through a shaft!
    38 | D:2      | Found a snail-covered altar of Cheibriados.
    38 | D:2      | Found a glowing silver altar of Zin.
    38 | D:2      | Found a shadowy altar of Dithmenos.
    42 | D:2      | Became a worshipper of Cheibriados the Contemplative
    90 | D:2      | Reached XP level 2. HP: 19/19 MP: 1/6
   315 | D:3      | Found a shimmering altar of Xom.
   331 | D:3      | Noticed Ijyb
   337 | D:3      | Killed Ijyb
   337 | D:3      | Reached skill level 1 in Shields
   337 | D:3      | Reached XP level 3. HP: 23/24 MP: 1/7
   356 | D:3      | Reached * piety under Cheibriados
   365 | D:3      | Reached skill level 2 in Shields
   365 | D:3      | Reached XP level 4. HP: 29/29 MP: 0/8
   502 | D:4      | Reached skill level 3 in Shields
   562 | D:5      | Entered Level 5 of the Dungeon
   581 | D:4      | Found a basalt altar of Yredelemnul.
   599 | D:4      | Reached XP level 5. HP: 31/34 MP: 5/9
   739 | D:4      | Reached ** piety under Cheibriados
   766 | D:4      | Reached skill level 4 in Shields
   894 | D:4      | Found a sand-covered staircase.
   947 | D:5      | Found an ancient bone altar of Kikubaaqudgha.
   949 | D:5      | Found a staircase to the Ecumenical Temple.
   966 | D:5      | Noticed an ogre
   977 | D:5      | Killed an ogre
   977 | D:5      | Reached skill level 1 in Invocations
  1049 | D:5      | Reached skill level 1 in Unarmed Combat
  1058 | D:5      | Reached XP level 6. HP: 29/41 MP: 0/10
  1218 | D:5      | Learned a level 4 spell: Summon Ice Beast
  1282 | D:5      | Reached *** piety under Cheibriados
  1321 | D:5      | Reached XP level 7. HP: 20/46 MP: 1/11
  1329 | D:5      | Reached skill level 1 in Summonings
  1335 | D:5      | HP: 3/69 [gnoll/halberd (7)]
  1336 | D:5      | Mangled by an ogre

Skill      XL: |  1  2  3  4  5  6  7 |
---------------+----------------------+-----
Fighting       | 1 2 3 |  3.3
Shields        | 1 2 3 4 |  4.0
Invocations    | 1 2 |  2.1
Unarmed Combat | 1 |  1.9
Dodging        | 3 |  3.4
Summonings     | 1 |  1.0
Stealth        | |  2.1
Spellcasting   | |  2.4
Conjurations   | |  1.1
Ice Magic      | |  3.0

Action                   |  1- 3 |  4- 6 |  7- 9 || total
-------------------------+-------+-------+-------++-------
Melee: Dagger            |    14 |    63 |       ||    77
       Unarmed           |     2 |    54 |    12 ||    68
 Cast: Freeze            |    21 |    66 |       ||    87
  Use: Scroll            |     1 |     5 |       ||     6
       Potion            |       |     4 |       ||     4
 Stab: Sleeping          |     2 |     5 |       ||     7
  Eat: Chunk             |       |     1 |       ||     1
Armor: Robe              |    11 |    42 |       ||    53
       Skin              |       |    16 |    21 ||    37
Dodge: Dodged            |    21 |   107 |     2 ||   130
Block: Buckler           |     3 |    46 |     3 ||    52
